 Dungeon Crawl Stone Soup version 0.31-a0-229-g1fc7ce93e2 (webtiles) character file.

Game seed: 9562724916321895118

119 qw the Shooter (level 5, 0/30 HPs)
             Began as a Gargoyle Hexslinger on July 6, 2023.
             Slain by Pikel
             ... wielding a +1 whip of freezing
              (3 damage)
             ... on level 4 of the Dungeon.
             The game lasted 00:00:55 (2365 turns).

qw the Shooter (Gargoyle Hexslinger)                Turns: 2365, Time: 00:00:55

Health: 0/30       AC: 12    Str: 11    XL:     5   Next: 3%
Magic:  6/6        EV: 11    Int: 14    God:
Gold:   96         SH:  0    Dex: 14    Spells: 5/6 levels left

rFire   . . .        Y - +1 sling
rCold   . . .        (no shield)
rNeg    + + .        b - +0 leather armour
rPois   inf          i - +0 helmet
rElec   +            g - +2 cloak
rCorr   +            h - +0 pair of gloves
SInv    .            (no boots)
Will    .....        (no amulet)
Stlth   +            d - ring of positive energy
HPRegen 0.25/turn    f - ring of resist corrosion
MPRegen 0.10/turn

%: no passive effects
@: mighty
A: sickness immunity, AC +4, negative energy resistance 1, electricity
resistance, torment resistance 1, petrification resistance
a: no special abilities


You were on level 4 of the Dungeon.
You visited 1 branch of the dungeon, and saw 4 of its levels.

You collected 96 gold pieces.


Innate Abilities, Weirdness & Mutations

You are immune to sickness and miasma.
Your stone body is resilient. (AC +4)
You are immune to poison.
You resist negative energy. (rN+)
You are resistant to electric shocks. (rElec)
You are resistant to unholy torment.
You are immune to petrification.


   Skills:
 - Level 2.2 Fighting
 - Level 4.6 Ranged Weapons
 + Level 0.1 Armour
 - Level 1.5 Dodging
 - Level 1.0 Spellcasting
 - Level 2.6 Hexes


You had 5 spell levels left.
You knew the following spells:

 Your Spells              Type           Power      Damage    Failure   Level
a - Slow                  Hex            32%        N/A       12%         1

Your spell library contained the following spells:

 Spells                   Type           Power      Damage    Failure   Level
 Inner Flame              Hex/Fire       4%         N/A       52%         3
 Portal Projectile        Hex/Tloc       8%         N/A       52%         3
 Cause Fear               Hex            4%         N/A       75%         4

Inventory:

Hand Weapons
 Y - a +1 sling (weapon)
Armour
 b - a +0 leather armour (worn)
 g - a +2 cloak (worn)
 h - a +0 pair of gloves (worn)
 i - a +0 helmet (worn)
Jewellery
 d - a ring of positive energy (left hand)
 f - a ring of resist corrosion (right hand)
Scrolls
 c - a scroll of identify
 k - a scroll of teleportation
Potions
 e - a potion of might
 j - a potion of attraction {unknown}

Dungeon Overview and Level Annotations

Branches:
Dungeon (4/15)
 Temple: D:4-7

Altars:

Shops:
D:1 [

Annotations:
D:4 Pikel


Message History

You shoot a sling bullet. The sling bullet hits the lemure!
The lemure is moderately wounded.
You shoot a sling bullet.
The sling bullet closely misses the lemure.
Pikel, Merchant of Souls comes into view.
He is wielding a +1 whip of freezing.
You shoot a sling bullet.
The sling bullet closely misses the lemure.
Pikel shouts!
A lemure comes into view.
You shoot a sling bullet. The sling bullet hits the lemure.
The lemure is moderately wounded.
Pikel cracks his whip.
A lemure comes into view.
You shoot a sling bullet.
The sling bullet closely misses the lemure.
The lemure shouts!
The sling bullet hits the lemure.
The lemure is lightly wounded.
The lemure hits you.
You shoot a sling bullet.
The sling bullet barely misses the lemure.
The lemure closely misses you.
You shoot a sling bullet. The sling bullet hits the lemure.
The lemure is heavily wounded.
The lemure hits you! The lemure closely misses you.
You shoot a sling bullet.
The sling bullet closely misses the lemure.
The lemure hits you. Pikel hits you but does no damage.
The lemure hits you but does no damage. The lemure hits you!
Pikel hits you with a +1 whip of freezing.
Pikel freezes you. The lemure closely misses you.
You shoot a sling bullet. The sling bullet hits the lemure.
The lemure is severely wounded.
The lemure hits you but does no damage. Pikel closely misses you.
The lemure hits you. The lemure hits you but does no damage.
You shoot a sling bullet.
The sling bullet closely misses the lemure.
Pikel hits you with a +1 whip of freezing.
Pikel freezes you.
You die...

### #### #.## ###..###
##.## ##......####..#
##.........##.##
##.............#
#<...........5@#
#..............5K5#
###.............5..<.
#...................
#....................#
...............#.....#
..#............###....#
..##..........# #....


You could see Pikel and 4 lemures.

Vanquished Creatures
  Robin (D:3)
  4 adders
  3 dart slugs
  An orc (D:3)
  3 ball pythons
  3 bats
  8 endoplasms
  7 giant cockroaches
  14 goblins
  4 hobgoblins
  A quokka (D:3)
  5 frilled lizards
  4 kobolds
  2 rats (D:1)
60 creatures vanquished.

Notes
Turn   | Place    | Note
-------+----------+-------------------------------------------
     0 | D:1      | qw the Gargoyle Hexslinger began the quest for the Orb.
     0 | D:1      | Reached XP level 1. HP: 12/12 MP: 2/2
     0 | D:1      | 0 ||| qw: Version: 0.3-a-46-gb1f654a
     0 | D:1      | 0 ||| qw: Game counter: 1188
     0 | D:1      | 0 ||| qw: Melee chars always use a shield: true
     0 | D:1      | 0 ||| qw: God list: Okawaru
     0 | D:1      | 0 ||| qw: Allow faded altars: false
     0 | D:1      | 0 ||| qw: Do Orc after clearing Dungeon:15 true
     0 | D:1      | 0 ||| qw: Do second Lair branch before Depths: true
     0 | D:1      | 0 ||| qw: Lair rune preference: random
     0 | D:1      | 0 ||| qw: Goals: Normal
     0 | D:1      | 0 ||| PLANNING D:1-11
   164 | D:1      | Found a faded altar of an unknown god.
   184 | D:1      | Reached XP level 2. HP: 16/16 MP: 3/3
   261 | D:1      | 261 ||| UPGRADING to +2 cloak.
   267 | D:1      | 267 ||| UPGRADING to +0 pair of gloves.
   373 | D:1      | Found Huoth's Antique Armour Emporium.
   378 | D:1      | 378 ||| SHOPLISTING leather armour (62 gold, have 46).
   378 | D:1      | 378 ||| SHOPLISTING pitted helmet (294 gold, have 46).
   378 | D:1      | 378 ||| SHOPLISTING ring mail (124 gold, have 46).
   444 | D:1      | Reached skill level 3 in Ranged Weapons
   685 | D:1      | 685 ||| UPGRADING to ring of positive energy.
   686 | D:1      | 686 ||| UPGRADING to ring of resist corrosion.
   687 | D:1      | 687 ||| READING scroll labelled UDWEDI LAHUAQU.
   688 | D:1      | 688 ||| READING scroll labelled GOOTZA OSU.
   689 | D:1      | 689 ||| READING 2 scrolls labelled ILOFIF JALOKLU.
   693 | D:1      | 693 ||| DROPPING scroll of poison.
   725 | D:2      | Reached XP level 3. HP: 20/21 MP: 4/4
  1201 | D:2      | 1201 ||| UPGRADING to +0 leather armour.
  1211 | D:2      | 1211 ||| DROPPING +0 robe.
  1212 | D:2      | 1212 ||| READING scroll labelled PYSO TISEITHAUJOG.
  1213 | D:2      | 1213 ||| READING scroll labelled QALOET KERU.
  1214 | D:2      | 1214 ||| READING scroll labelled UKOARPH MESEI.
  1286 | D:3      | Reached XP level 4. HP: 26/26 MP: 5/5
  1780 | D:3      | Reached skill level 4 in Ranged Weapons
  1856 | D:3      | 1856 ||| FLEEEEING.
  1904 | D:3      | Noticed Robin
  1912 | D:3      | Killed Robin
  1925 | D:3      | Reached XP level 5. HP: 14/30 MP: 6/6
  2299 | D:3      | 2299 ||| UPGRADING to +0 helmet.
  2304 | D:3      | 2304 ||| READING scroll labelled FYISMAUZEO.
  2305 | D:3      | 2305 ||| DRINKING 2 brown potions.
  2355 | D:4      | Noticed a lemure
  2355 | D:4      | Noticed a lemure
  2357 | D:4      | Noticed Pikel
  2358 | D:4      | Noticed a lemure
  2359 | D:4      | Noticed a lemure
  2365 | D:4      | HP: 3/30 [Pikel/+1 whip of freezing (6)]
  2365 | D:4      | Slain by Pikel

Levels and vault maps discovered:
D:1:      dpeg_arrival_rhombus, layout_basic,
          hellmonk_ecumenical_altar_lost_god, serial_shops,
          nicolae_shop_dealshenge, due_unseen_surprise
D:2:      layout_basic, eino_tiny_chamber
D:3:      layout_basic, minmay_misc_feat_cross, dreamdust_princess_corridor,
          uniq_robin
D:4:      layout_layer_cave, kennysheep_dice, uniq_sigmund, uniq_pikel

Skill      XL: |  1  2  3  4 |
---------------+-------------+-----
Ranged Weapons | 3 4 |  4.6
Fighting       | 2 |  2.2
Armour         | |  0.1
Dodging        | |  1.5
Spellcasting   | |  1.0
Hexes          | |  2.6

Action                     |  1- 3 |  4- 6 || total
---------------------------+-------+-------++-------
   Fire: Sling             |   107 |    99 ||   206
    Use: Scroll            |     6 |     1 ||     7
         Potion            |       |     1 ||     1
 Armour: Robe              |    27 |       ||    27
         Leather armour    |       |    36 ||    36
  Dodge: Dodged            |    26 |    37 ||    63

Table legend:
 A = Non-vault XP
 B = Vault XP
 C = Vault XP percentage of total XP
 D = Non-vault monster count
 E = Vault monster count
 F = Vault count percentage of total count
                 A         B        C        D         E       F
            +---------+---------+-------+---------+---------+-------
      Total |     141 |      30 |  17.5 |      51 |       9 |  15.0
            +---------+---------+-------+---------+---------+-------
        D:1 |      28 |       0 |   0.0 |      17 |       0 |   0.0
        D:2 |      51 |       0 |   0.0 |      16 |       0 |   0.0
        D:3 |      60 |      30 |  33.3 |      17 |       9 |  34.6
        D:4 |       2 |       0 |   0.0 |       1 |       0 |   0.0
            +---------+---------+-------+---------+---------+-------
